 Dungeon Crawl Stone Soup version 0.31-a0-1603-gbec6b6ccbf (webtiles) character file.

Game seed: 16464609285358065630

336 jasper the Chopper (level 6, -1/49 HPs)
             Began as a Mummy Berserker on Jan 7, 2024.
             Was a Priest of Trog.
             Slain by a gnoll sergeant
             ... wielding a +2 antimagic trident
              (12 damage)
             ... on level 5 of the Dungeon.
             The game lasted 00:04:58 (3975 turns).

jasper the Chopper (Mummy Berserker)                Turns: 3975, Time: 00:04:58

Health: -1/49      AC: 12    Str: 22    XL:     6   Next: 28%
Magic:  1/6        EV:  9    Int: 13    God:    Trog [***...]
Gold:   213        SH:  0    Dex: 17    Spells: 5/5 levels left

rFire   x . .        a - +1 hand axe
rCold   + . .        (no shield)
rNeg    + + +        f - +0 chain mail
rPois   ∞            r - +0 helmet
rElec   +            (no cloak)
rCorr   +            d - +1 pair of gloves
SInv    .            (no boots)
Will    ++...        (no amulet) Stlth
                     p - +6 ring of dexterity
HPRegen 1.28/turn    h - ring of Gufumets {^Contam rElec rCorr Int+6 Slay+3}
MPRegen 0.10/turn

%: faith
@: strong-willed, regenerating
A: cold resistance 1, negative energy resistance 3, torment resistance 2, heat
vulnerability 1, in touch with death 1, no potions, faith
a: Renounce Religion, Trog's Hand


You were on level 5 of the Dungeon.
You worshipped Trog.
Trog was most pleased with you.
You visited 1 branch of the dungeon, and saw 5 of its levels.

You collected 213 gold pieces.

Inventory:

Hand Weapons
 a - a +1 hand axe (weapon)
 m - a +0 short sword of holy wrath
Missiles
 e - 43 stones (quivered)
 g - 15 poisoned darts
Armour
 b - a +0 animal skin
 d - a +1 pair of gloves (worn)
 f - a +0 chain mail (worn)
 r - a +0 helmet (worn)
Jewellery
 c - a ring of ice
 h - the ring of Gufumets (right hand) {^Contam rElec rCorr Int+6 Slay+3}
   (You acquired it on level 4 of the Dungeon)

   [ring of intelligence]

   Int+6:     It affects your intelligence (+6).
   Slay+3:    It affects your accuracy & damage with ranged weapons and melee
   (+3).
   rElec:     It insulates you from electricity.
   ^Contam:   It causes magical contamination when unequipped.
   rCorr:     It protects you from acid and corrosion.
 p - a +6 ring of dexterity (left hand)
Wands
 l - a wand of charming (5)
 n - a wand of roots (5)
 o - a wand of digging (8)
Scrolls
 i - 2 scrolls of teleportation
 k - 2 scrolls of noise
 q - a scroll of vulnerability
 s - a scroll of fog


   Skills:
 + Level 4.4 Fighting
 * Level 4.6 Axes
 + Level 2.7 Armour
 - Level 1.5 Dodging


You had 5 spell levels left.
You didn't know any spells.
Your spell library was empty.

Dungeon Overview and Level Annotations

Branches:
Dungeon (5/15)
 Temple: D:4-7

Altars:

Shops:
D:4 :


Innate Abilities, Weirdness & Mutations

You are immune to poison.
Your flesh is cold resistant. (rC+)
You are immune to negative energy. (rN+++)
You are immune to unholy pain and torment.
You are vulnerable to heat. (rF-)
You are in touch with the powers of death.
You do not drink.
You have a special connection with the divine. (Faith)


Message History

The gnoll sergeant hits you but does no damage.
The gnoll misses you.
You hit the gnoll.
The gnoll is heavily wounded.
You hit the gnoll sergeant.
The gnoll sergeant hits you with a +2 antimagic trident.
* * * LOW HITPOINT WARNING * * *
You feel your power leaking away. The gnoll barely misses you.
The gnoll closely misses you.
The gnoll sergeant hits you with a +2 antimagic trident.
* * * LOW HITPOINT WARNING * * *
You feel your power leaking away.
You take 5 damage, and have 8/49 hp.
You now have 0/6 mp.
Your skin crawls.
You feel strong-willed. The gnoll hits you with a +0 halberd.
* * * LOW HITPOINT WARNING * * *
The gnoll sergeant hits you but does no damage.
You take 1 damage, and have 7/49 hp.
You slash the gnoll!
You kill the gnoll!
Trog accepts your kill.
You hit the gnoll sergeant but do no damage.
The gnoll sergeant hits you but does no damage.
You regained 2 hp, and now have 9/49 hp.
You barely miss the gnoll sergeant.
The gnoll sergeant is lightly wounded.
The gnoll sergeant barely misses you.
You hit the gnoll sergeant.
The gnoll sergeant is moderately wounded.
The gnoll sergeant hits you with a +2 antimagic trident.
* * * LOW HITPOINT WARNING * * *
You slash the gnoll sergeant!
The gnoll sergeant is heavily wounded.
The gnoll sergeant hits you with a +2 antimagic trident.
* * * LOW HITPOINT WARNING * * *
You slash the gnoll sergeant!
The gnoll sergeant is almost dead.
The gnoll sergeant hits you with a +2 antimagic trident!
You die...

....# ..g.......[.......
..#########o..####)####.#
..####...#########.##
...#..........+.....#
...'..........#.....#
...#..........#.....#
..##....########...##
..##....###..###.).##...
..+............g@.......
..#.....................
..##.....................
..##.........<.....##....
.................# ####
.##....##...##..<..# .
############.....#
#....## ####+#


You could see a gnoll sergeant.

Vanquished Creatures
  An ogre (D:4)
  An orc priest (D:5)
  Jessica (D:3)
  3 adders
  8 gnolls
  2 ufetubi (D:5)
  3 dart slugs (D:2)
  4 ribbon worms
  2 orcs (D:4)
  7 bats
  4 endoplasms
  4 giant cockroaches
  4 hobgoblins
  10 kobolds
  3 quokkas
  6 ball pythons
  4 frilled lizards
  6 goblins
  4 rats
77 creatures vanquished.

Notes
Turn   | Place    | Note
-------+----------+-------------------------------------------
     0 | D:1      | jasper the Mummy Berserker began the quest for the Orb.
     0 | D:1      | Reached XP level 1. HP: 18/18 MP: 1/1
   192 | D:1      | Reached XP level 2. HP: 22/24 MP: 2/2
   755 | D:1      | Reached ** piety under Trog
  1152 | D:2      | Reached XP level 3. HP: 22/29 MP: 3/3
  1960 | D:3      | Reached XP level 4. HP: 35/37 MP: 4/4
  2105 | D:3      | Noticed Jessica
  2112 | D:3      | Killed Jessica
  2194 | D:3      | Reached *** piety under Trog
  2195 | D:3      | Reached XP level 5. HP: 33/42 MP: 5/5
  2489 | D:4      | Identified a scroll of acquirement
  2489 | D:4      | Acquired the ring of Gufumets {^Contam rElec rCorr Int+6
                  | Slay+3}
  2743 | D:4      | Noticed an ogre
  2756 | D:4      | Killed an ogre
  3051 | D:4      | Found Gibun's Book Boutique.
  3221 | D:4      | Reached XP level 6. HP: 30/49 MP: 6/6
  3646 | D:5      | Entered Level 5 of the Dungeon
  3975 | D:5      | Slain by a gnoll sergeant

Illustrated notes

Levels and vault maps discovered:
D:1:      dpeg_arrival_erosion, layout_loops_ring, nicolae_hexahallways,
          minmay_misc_feat_square, nicolae_concentric_dashed_squares_wild,
          minmay_hedge_maze, minmay_indecisive_spiral
D:2:      layout_loops_ring, minmay_misc_feat_secret_circle
D:3:      layout_basic, uniq_jessica
D:4:      layout_basic, kennysheep_diamond
D:5:      layout_gridville, gammafunk_temple_overflow_wave

Skill      XL: |  1  2  3  4  5 |
---------------+----------------+-----
Axes           | 3 4 |  4.6
Armour         | 2 |  2.7
Fighting       | 4 |  4.4
Dodging        | |  1.5

Action                     |  1- 3 |  4- 6 || total
---------------------------+-------+-------++-------
  Melee: Hand axe          |   160 |   125 ||   285
         Punch             |     3 |       ||     3
  Throw: Stone             |     2 |       ||     2
         Dart              |       |     1 ||     1
 Invoke: Trog's Hand       |       |     2 ||     2
  Evoke: Wand              |       |     2 ||     2
    Use: Scroll            |     5 |     4 ||     9
 Armour: Animal skin       |    54 |       ||    54
         Chain mail        |    62 |   112 ||   174
  Dodge: Dodged            |    92 |    71 ||   163

Table legend: (Time is in decaauts)
 A = Elapsed time spent in this place.
 B = Non-inter-level travel time spent in this place.
 C = Inter-level travel time spent in this place.
 D = Time resting spent in this place.
 E = Time spent auto-exploring this place.
 F = Levels seen in this place.
 G = Mean time per level.
                   A        B        C        D        E       F      G
               +--------+--------+--------+--------+--------+-----+--------+
         Total |   4010 |   3887 |    123 |    347 |   2691 |   5 |  802.0 |
       Dungeon |   4010 |   3887 |    123 |    347 |   2691 |   5 |  802.0 |
               +--------+--------+--------+--------+--------+-----+--------+

Top non-repeatable levels by time:
     D:4: 1367 daAuts
     D:1: 1112 daAuts
     D:2: 838 daAuts
     D:3: 565 daAuts
     D:5: 126 daAuts
